 Dungeon Crawl Stone Soup version 0.28.0-47-ge53b351184 (webtiles) character file.

Game seed: 16311900482963772213

12551 101zpm the Thaumaturge (level 12, -4/63 HPs)
             Began as a Djinni Fire Elementalist on May 7, 2022.
             Was a Priest of Hepliaklqana.
             Slain by an eight-headed hydra (11 damage)
             ... on level 11 of the Dungeon.
             The game lasted 00:39:39 (18348 turns).

101zpm the Thaumaturge (Djinni Fire Elementalist)  Turns: 18348, Time: 00:39:39

Health: -4/63      AC:  9    Str:  5    XL:     12   Next: 21%
Gold:   554        EV: 11    Int: 22    God:    Hepliaklqana [***...] SH:  0 Dex: 25

rFire   + + .      SeeInvis +   t - +7 hunting sling of the Curious Demons {venom, rC+ Dex+5}
rCold   . . .      Faith    .   a - +0 kite shield
rNeg    . . .      Spirit   .   p - +1 leather armour "Mukezuul" {Str+2}
rPois   ∞          Reflect  .   m - +0 helmet
rElec   .          Harm     .   (no cloak)
rCorr   .          Rampage  .   (no gloves)
Will    +....                   (boots unavailable)
Stlth   ++........              z - amulet of the acrobat
HPRegen 0.20/turn               D - ring "Duwku" {rPois Str-4 Dex+6 SInv Stlth+}
MPRegen 0.00/turn               E - +4 ring of protection

@: confused, flying
A: reduced essence, sickness immunity, fire resistance 2, cold vulnerability 1,
float, innate caster, HP casting, extra vitality 1
a: Renounce Religion, Recall Ancestor, Ancestor Identity, Transference


You were on level 11 of the Dungeon.
You worshipped Hepliaklqana.
Hepliaklqana was most pleased with you.
You visited 2 branches of the dungeon, and saw 12 of its levels.

You collected 554 gold pieces.

Inventory:

Hand Weapons
 t - the +7 hunting sling of the Curious Demons (weapon) {venom, rC+ Dex+5}
   (You found it on level 6 of the Dungeon)

   Any ammunition fired from it poisons the flesh of those it strikes.
   Dex:       It affects your dexterity (+5).
   rC:        It protects you from cold.
 x - a +0 long sword of holy wrath
 A - a +5 dire flail of protection
 F - a +6 battleaxe
Missiles
 u - 372 stones (quivered ammo)
 v - 9 boomerangs
Armour
 a - a +0 kite shield (worn)
 m - a +0 helmet (worn)
 p - the +1 leather armour "Mukezuul" (worn) {Str+2}
   (You found it on level 5 of the Dungeon)

   Str:       It affects your strength (+2).
Jewellery
 j - a ring of ice
 z - an amulet of the acrobat (around neck)
 D - the ring "Duwku" (left hand) {rPois Str-4 Dex+6 SInv Stlth+}
   (You took it off an orc priest on level 6 of the Dungeon)

   [ring of dexterity]

   Str:       It affects your strength (-4).
   Dex:       It affects your dexterity (+6).
   rPois:     It protects you from poison.
   SInv:      It lets you see invisible.
   Stlth:     It makes you more stealthy.
 E - a +4 ring of protection (right hand)
 K - an amulet of faith
Wands
 g - a wand of flame (17)
 k - a wand of polymorph (9)
 C - a wand of iceblast (9)
Scrolls
 c - 4 scrolls of immolation
 d - 11 scrolls of identify
 f - a scroll of enchant armour
 i - 2 scrolls of fog
 l - 7 scrolls of teleportation
 q - 2 scrolls of magic mapping
 w - a scroll of blinking
 y - 2 scrolls of enchant weapon {unknown}
 B - 2 scrolls of holy word {unknown}
Potions
 b - a potion of heal wounds {unknown}
 e - a potion of magic {unknown}
 h - 2 potions of mutation {unknown}
 n - a potion of berserk rage {unknown}
 o - 2 potions of curing {unknown}
 r - a potion of brilliance {unknown}
 s - a potion of cancellation {unknown}
 G - 2 potions of attraction {unknown}
 H - 2 potions of degeneration {unknown}
 I - a potion of might {unknown}
 J - a potion of invisibility {unknown}


   Skills:
 + Level 0.8 Fighting
 + Level 4.7 Armour
 + Level 3.5 Dodging
 + Level 3.6 Stealth
 + Level 1.2 Shields
 + Level 13.6 Spellcasting


You had 12 spell levels left.
You knew the following spells:

 Your Spells              Type           Power      Damage    Failure   Level
a - Foxfire               Conj/Fire      100%       2x1d9     1%          1
b - Scorch                Fire           100%       2d10      1%          2
c - Conjure Flame         Conj/Fire      66%        6-21      1%          3
d - Inner Flame           Hex/Fire       66%        N/A       1%          3
e - Flame Wave            Conj/Fire      66%        2d12      1%          4
f - Apportation           Tloc           100%       N/A       1%          1
g - Ensorcelled Hibernat  Hex/Ice        100%       N/A       1%          2
h - Passwall              Tmut/Erth      55%        N/A       1%          2
i - Iskenderun's Mystic   Conj/Tloc      66%        2d14      1%          4
j - Olgreb's Toxic Radia  Pois           66%        N/A       1%          4
Your spell library was empty.

Dungeon Overview and Level Annotations

Branches:
Dungeon (11/15)            Temple (1/1) D:4             Orc (0/2) D:11
   Lair: D:8-11

Altars:
Ashenzari
Cheibriados
Dithmenos
Elyvilon
Fedhas
Gozag
Hepliaklqana
Kikubaaqudgha
Makhleb
Nemelex Xobeh
Okawaru
Qazlal
Ru
Sif Muna
Trog
Uskayaw
Vehumet
Wu Jian
Xom
Yredelemnul
Zin
The Shining One

Shops:
D:1 [   D:9 :

Annotations:
D:8 1 runed translucent door, Tali's ghost, novice DsBe


Innate Abilities, Weirdness & Mutations

Your life essence is reduced to manifest your ancestor. (-10% HP)
You are immune to sickness and miasma.
You are immune to poison.
Your flesh is very heat resistant. (rF++)
You are vulnerable to cold. (rC-)
You float through the air rather than walking.
You learn spells naturally, not from books.
Your magical power is your life essence.
You have superior vitality. (+4 MHP)


Message History

You swap places.
An orc wizard comes into view. It is wielding a +0 dagger.
The orc wizard gestures at you while chanting.
You are confused.
You're too confused to cast spells.
Okay, then.
You're too confused to cast spells.
Okay, then.
You bump into the stone wall.
An eight-headed hydra comes into view.
The eight-headed hydra roars!
You clumsily bash Jabu but do no damage.
You hear a shout!
You hear an angry hiss.
The eight-headed hydra moves out of view.
You hear two shouts!
You clumsily bash Jabu but do no damage.
The orc wizard casts a spell at you.
You are more confused.
The orc wizard casts a spell.
The orc wizard flickers and vanishes for a moment.
You bump into the rock wall.
Jabu blocks your attack.
The eight-headed hydra bites you but does no damage.
The eight-headed hydra bites you! x2
The eight-headed hydra bites you but does no damage.
The eight-headed hydra closely misses you. x2
The eight-headed hydra bites you!
The eight-headed hydra bites you but does no damage.
You miss Jabu.
A komodo dragon comes into view.
The eight-headed hydra bites you.
The eight-headed hydra bites you but does no damage.
The eight-headed hydra bites you!
* * * LOW HITPOINT WARNING * * *
The eight-headed hydra bites you.
* * * LOW HITPOINT WARNING * * *
The eight-headed hydra closely misses you.
The eight-headed hydra bites you but does no damage.
The eight-headed hydra bites you!
You die...

#..#..####.# ##.#.##
#.# ##....# #.# ♣♣
#.....# #.# .l
##.....####.#♣.
#.).........#.
##.#....###.o.
#..#....# #D# #.##....#
#@# #.##>...# #R#
#.####.#####.#
####.##.........#
#....R#.#######.#
#.......# #.#
#.....#########.#######
####### #...##.......#
#...##.......#


You could see the friendly Jabu the knight, an eight-headed hydra, a komodo
dragon (wandering) and an orc wizard (invisible, ally target).

Vanquished Creatures
  Josephine (D:11)
  6 two-headed ogres
  A manticore (D:10)
  A hornet (D:9)
  A vampire (D:10)
  5 wraiths
  14 yaks
  2 steam dragons
  An acid dragon (D:10)
  A water moccasin (D:7)
  3 orc warriors
  A black bear (D:4)
  6 necrophages
  3 ogres
  3 centaurs
  2 phantoms (D:5)
  Blork the orc (D:6)
  3 kobold brigands
  3 bullfrogs
  3 scorpions (D:6)
  2 howler monkeys (D:8)
  19 wights
  4 centaur zombies
  An orc priest (D:6)
  A gnoll shaman (D:6)
  3 hounds
  2 jellies
  5 iguanas
  Terence (D:3)
  9 orc wizards
  2 killer bee zombies
  3 gnolls (D:6)
  4 adders
  2 shadow imps
  2 white imps (D:6)
  2 ufetubi
  An adder zombie (D:5)
  An adder skeleton (D:4)
  A worm (D:3)
  3 dart slugs
  36 orcs
  6 endoplasms
  5 giant cockroaches
  5 goblins
  7 hobgoblins
  5 jackals
  18 kobolds
  5 quokkas
  7 ball pythons
  3 bats
  3 frilled lizards
  4 rats
233 creatures vanquished.

Vanquished Creatures (collateral kills)
  A yak (D:10)
  An orc priest (D:7)
  2 kobolds (D:10)
4 creatures vanquished.

Vanquished Creatures (others)
  2 ancestors
  A bat (D:2)
  1253 foxfires
  10 plants
1266 creatures vanquished.

Grand Total: 1503 creatures vanquished

Notes
Turn   | Place    | Note
-------+----------+-------------------------------------------
     0 | D:1      | 101zpm the Djinni Fire Elementalist began the quest for the
                  | Orb.
     0 | D:1      | Reached XP level 1. HP: 15/15 MP: 0/0
   333 | D:1      | Reached XP level 2. HP: 17/21 MP: 0/0
   647 | D:1      | Found Eteqoucs's Armour Shop.
  1113 | D:1      | Reached skill level 3 in Spellcasting
  1646 | D:1      | Reached XP level 3. HP: 20/25 MP: 0/0
  1646 | D:1      | Learned a level 1 spell: Apportation
  2767 | D:2      | Reached XP level 4. HP: 23/31 MP: 0/0
  3910 | D:3      | Noticed an ogre
  3913 | D:3      | Killed an ogre
  3914 | D:3      | Reached skill level 4 in Spellcasting
  3914 | D:3      | Reached XP level 5. HP: 29/35 MP: 0/0
  3914 | D:3      | Learned a level 2 spell: Ensorcelled Hibernation
  4331 | D:3      | Noticed Terence
  4335 | D:3      | Killed Terence
  4359 | D:3      | Reached XP level 6. HP: 9/40 MP: 0/0
  5199 | D:4      | HP: 2/40 [cloud of flame (9)]
  6289 | D:4      | Noticed a black bear
  6292 | D:4      | Killed a black bear
  6293 | D:4      | Reached skill level 5 in Spellcasting
  6351 | D:4      | Found a white marble altar of Elyvilon.
  6644 | D:4      | Reached XP level 7. HP: 40/45 MP: 0/0
  6644 | D:4      | Learned a level 2 spell: Passwall
  6845 | D:4      | Found a staircase to the Ecumenical Temple.
  6857 | Temple   | Entered the Ecumenical Temple
  6932 | Temple   | Became a worshipper of Hepliaklqana the Forgotten
  6964 | D:5      | Entered Level 5 of the Dungeon
  6984 | D:5      | Reached skill level 6 in Spellcasting
  7342 | D:5      | Found a shimmering altar of Xom.
  7377 | D:5      | Identified the +1 leather armour "Mukezuul" {Str+2}
  7458 | D:5      | Reached XP level 8. HP: 43/51 MP: 0/0
  7461 | D:5      | Found an iron altar of Okawaru.
  7471 | D:5      | Reached skill level 7 in Spellcasting
  7640 | D:5      | Found a burning altar of Makhleb.
  7640 | D:5      | Found an ornate altar of the Wu Jian Council.
  7640 | D:5      | Found a blossoming altar of Fedhas.
  7666 | D:5      | Found a glowing golden altar of the Shining One.
  8371 | D:6      | Reached * piety under Hepliaklqana
  8388 | D:6      | Reached skill level 1 in Armour
  8411 | D:6      | Reached skill level 8 in Spellcasting
  8411 | D:6      | Reached XP level 9. HP: 21/50 MP: 0/0
  8411 | D:6      | Learned a level 4 spell: Iskenderun's Mystic Blast
  8632 | D:6      | Identified the +7 hunting sling of the Curious Demons
                  | {venom, rC+ Dex+5}
  9658 | D:7      | Noticed a two-headed ogre
 10283 | D:6      | Identified the ring "Duwku" {rPois Str-4 Dex+6 SInv Stlth+}
 10686 | D:6      | Reached skill level 9 in Spellcasting
 10982 | D:6      | Noticed Blork the orc
 10988 | D:6      | Killed Blork the orc
 11513 | D:6      | Reached XP level 10. HP: 32/54 MP: 0/0
 12501 | D:6      | Killed a two-headed ogre
 12502 | D:6      | Reached skill level 10 in Spellcasting
 13151 | D:7      | Found a stormy altar of Qazlal.
 13530 | D:8      | Noticed a two-headed ogre
 13537 | D:8      | Killed a two-headed ogre
 13718 | D:8      | Reached skill level 11 in Spellcasting
 14268 | D:8      | Found a runed translucent door.
 14289 | D:8      | Noticed Tali's ghost (novice DsBe)
 14299 | D:8      | Reached XP level 11. HP: 32/59 MP: 0/0
 14299 | D:8      | Learned a level 4 spell: Olgreb's Toxic Radiance
 14589 | D:8      | Reached ** piety under Hepliaklqana
 14775 | D:8      | Noticed a two-headed ogre
 14780 | D:8      | Killed a two-headed ogre
 14781 | D:8      | Reached skill level 12 in Spellcasting
 15146 | D:9      | Found Pylasen's Book Boutique.
 15529 | D:9      | Noticed a two-headed ogre
 15533 | D:9      | Killed a two-headed ogre
 15534 | D:9      | Reached skill level 1 in Shields
 16372 | D:10     | Entered Level 10 of the Dungeon
 16525 | D:10     | Remembered your ancestor Jabu as a knight
 16691 | D:10     | Noticed a manticore
 16695 | D:10     | Killed a manticore
 16803 | D:10     | Reached *** piety under Hepliaklqana
 16827 | D:10     | Noticed a two-headed ogre
 16834 | D:10     | Killed a two-headed ogre
 16835 | D:10     | Reached skill level 13 in Spellcasting
 16939 | D:10     | Found a sacrificial altar of Ru.
 17586 | D:10     | Noticed a two-headed ogre
 17591 | D:10     | Killed a two-headed ogre
 17592 | D:10     | Reached XP level 12. HP: 56/63 MP: 0/0
 18009 | D:11     | Noticed Josephine
 18013 | D:11     | Killed Josephine
 18294 | D:11     | Found a staircase to the Orcish Mines.
 18344 | D:11     | Noticed an eight-headed hydra
 18348 | D:11     | Slain by an eight-headed hydra

Illustrated notes

Levels and vault maps discovered:
D:1:      lemuel_arrival_room, layout_basic, serial_shops, nicolae_square_shop
D:2:      layout_basic, solitary_fountain, lemuel_old_faithful
D:3:      layout_basic, uniq_terence
D:4:      layout_cave_pools, elyvilon_altar_5,
          minmay_temple_entry_drinking_statues
D:5:      layout_rooms, mainiacjoe_overflow_small_starburst,
          minmay_overflow_temple_hex
D:6:      layout_loops_ring, uniq_blork_the_orc
D:7:      layout_basic, nicolae_qazlal_general_emergency, chequers_jeans
D:8:      layout_loops_ring, hellmonk_ghost_big_iron
D:9:      layout_long_grid, serial_shops, nicolae_shop_advertising_works
          [nicolae_subvault_shop_adworks], corexii_corridor_pit,
          kennysheep_cross_bottleneck, kennysheep_generic_room_10
D:10:     layout_rooms, nicolae_ru_great_annihilating_truth,
          serial_co_window_serial, co_window_paths_a, co_window_cross_1,
          co_window_cross_1, co_window_paths_b, co_window_paths_b,
          co_window_2corner, co_window_broadway_c, co_window_corner_b,
          co_window_2corner, co_window_broadway_c, co_window_paths_c,
          co_window_corner_b, glass_columns_a
D:11:     nzn_winding_woodlands_stair_cross [nzn_winding_woodlands_5x15_zeroes,
          nzn_winding_woodlands_center_diamonds,
          nzn_winding_woodlands_5x15_cabin,
          nzn_winding_woodlands_5x5_checkerboard,
          nzn_winding_woodlands_hourglass, nzn_winding_woodlands_5x15_parted,
          nzn_winding_woodlands_center_garden,
          nzn_winding_woodlands_5x15_crooked], layout_rooms, lair_entry_dummy,
          minivault_16, uniq_josephine
Temple:   nicolae_temple_hex_pool

Skill      XL: |  1  2  3  4  5  6  7  8  9 10 11 |
---------------+----------------------------------+-----
Spellcasting   | 3 4 5 6 8 9 11 13 | 13.6
Stealth        | 2 3 |  3.6
Dodging        | 3 |  3.5
Armour         | 1 3 4 |  4.7
Shields        | 1 |  1.2
Fighting       | |  0.8

Action                   |  1- 3 |  4- 6 |  7- 9 | 10-12 || total
-------------------------+-------+-------+-------+-------++-------
Melee: Hunting sling     |       |       |       |     4 ||     4
 Cast: Foxfire           |   144 |   156 |   171 |   301 ||   772
       Scorch            |     3 |    11 |    26 |    29 ||    69
       Inner Flame       |       |    24 |    62 |    83 ||   169
       Conjure Flame     |       |     1 |     3 |     1 ||     5
       Ensorcelled Hiber |       |       |       |     1 ||     1
       Olgreb's Toxic Ra |       |       |       |     1 ||     1
Invok: Ancestor Life: Kn |       |       |       |     1 ||     1
  Use: Scroll            |       |       |     6 |       ||     6
Armor: Robe              |     1 |       |       |       ||     1
       Leather armour    |       |       |     1 |    11 ||    12
Dodge: Dodged            |     1 |    12 |    16 |    10 ||    39
Block: Kite shield       |       |       |       |    13 ||    13
